 Dungeon Crawl Stone Soup version 0.30.1-9-gdf580d7c3d (webtiles) character file.

Game seed: 4261826912131747115

7066 Chiseanne the Protected (level 10, 80/80 HPs)
             Began as a Demonspawn Wanderer on Oct 4, 2023.
             Quit the game on level 10 of the Dungeon.
             The game lasted 00:36:35 (7872 turns).

Chiseanne the Protected (Demonspawn Wanderer)       Turns: 7872, Time: 00:36:36

Health: 80/80      AC: 12    Str: 14    XL:     10   Next: 83%
Magic:  11/11      EV: 17    Int: 18    God:
Gold:   1198       SH: 12    Dex: 16    Spells: 11/11 levels left

rFire   . . .        a - +6 falchion (flame)
rCold   . . .        e - +1 buckler
rNeg    + . .        y - +0 scale mail
rPois   +            (helmet restricted)
rElec   .            v - scarf "Vomi" {repulsion, Fly rPois Int+5}
rCorr   .            (no gloves)
SInv    .            j - +0 pair of boots
Will    .....        f - amulet of reflection
Stlth   +            u - +5 ring of evasion
HPRegen 0.33/turn    H - ring of positive energy
MPRegen 0.24/turn

%: repel missiles, reflection, guardian spirit
@: flying, studying Armour
A: antennae 1, yellow scales 1, ignite blood 2, magic shield, magic regeneration
a: no special abilities


You were on level 10 of the Dungeon.
You visited 2 branches of the dungeon, and saw 11 of its levels.
You also visited: Ossuary.

You collected 1198 gold pieces.

Inventory:

Hand Weapons
 a - a +6 falchion of flaming (weapon)
 s - a +4 long sword of freezing
 w - a +0 sling
 C - a +2 scimitar of flaming
Missiles
 g - 82 stones
 k - 19 poisoned darts (quivered)
 m - 5 boomerangs
Armour
 e - a +1 buckler (worn)
 j - a +0 pair of boots (worn)
 q - an orb of light
 v - the scarf "Vomi" (worn) {repulsion, Fly rPois Int+5}
   (You acquired it on level 3 of the Dungeon)

   Int:       It affects your intelligence (+5).
   rPois:     It protects you from poison.
   Fly:       It grants you flight.
 y - a +0 scale mail (worn)
Jewellery
 f - an amulet of reflection (around neck)
 u - a +5 ring of evasion (left hand)
 H - a ring of positive energy (right hand)
 K - a ring of willpower
Wands
 n - a wand of roots (13)
 r - a wand of flame (4)
Scrolls
 b - 3 scrolls of blinking
 d - 2 scrolls of fog
 l - 3 scrolls of teleportation
 t - 4 scrolls of fear
 B - 3 scrolls of magic mapping
 D - a scroll of silence
 J - a scroll of enchant armour
Potions
 c - 2 potions of haste
 h - a potion of resistance
 i - a potion of cancellation
 o - 4 potions of ambrosia
 x - 2 potions of curing
 z - 2 potions of mutation
 A - a potion of flight
Miscellaneous
 p - a box of beasts


   Skills:
 - Level 8.0 Fighting
 - Level 1.7 Long Blades
 - Level 1.7 Ranged Weapons
 + Level 10.1 Armour
 - Level 7.2 Dodging
 - Level 4.5 Stealth
 - Level 7.0 Shields
 - Level 1.0 Spellcasting


You had 11 spell levels left.
You didn't know any spells.
Your spell library contained the following spells:

 Spells                   Type           Power      Damage    Failure   Level
 Cigotuvi's Dreadful Rot  Necr/Pois/Air  0%         N/A       77%         2
 Ensorcelled Hibernation  Hex/Ice        0%         N/A       77%         2
 Passwall                 Tmut/Erth      0%         N/A       77%         2
 Sublimation of Blood     Necr           0%         N/A       77%         2
 Wereblood                Tmut           0%         N/A       77%         2
 Portal Projectile        Hex/Tloc       0%         N/A       94%         3
 Swiftness                Air            0%         N/A       94%         3
 Tukima's Dance           Hex            0%         N/A       94%         3
 Dispel Undead            Necr           0%         3d6       100%        4
 Olgreb's Toxic Radiance  Pois           0%         N/A       100%        4
 Petrify                  Tmut/Erth      0%         N/A       100%        4
 Blade Hands              Tmut           0%         N/A       100%        5
 Irradiate                Conj/Tmut      0%         3d11      100%        5
 Death Channel            Necr           0%         N/A       100%        6
 Summon Hydra             Summ           0%         N/A       100%        7
 Discord                  Hex            0%         N/A       100%        8
 Ignition                 Fire           0%         3d3       100%        8


Dungeon Overview and Level Annotations

Branches:
Dungeon (10/15)            Temple (1/1) D:5         Ossuary (visited)
   Lair: D:8-11         Orc: D:9-12

Altars:
Ashenzari
Cheibriados
Dithmenos
Fedhas
Hepliaklqana
Kikubaaqudgha
Makhleb
Nemelex Xobeh
Okawaru
Qazlal
Ru
Sif Muna
Trog
Uskayaw
Wu Jian
Xom
Yredelemnul

Shops:
D:6 (!=*

Annotations:
D:3 2 runed translucent doors, HagarQim's ghost, amateur OpVM
D:9 1 runed translucent door, Plommelars's ghost, novice HOFi


Innate Abilities, Weirdness & Mutations

You have a pair of small antennae on your head.
You are partially covered in yellow scales. (AC +2)
Your demonic aura often causes spilled blood to erupt in flames.
When hurt, damage is shared between your health and your magic reserves.
You regenerate magic rapidly.


Message History

You kill the killer bee!
You see here a killer bee corpse.
There is a stone staircase leading down, spattered with blood here.
You fly downwards.
The killer bee misses you. The killer bee barely misses you.
The killer bee misses you. You block the killer bee's attack.
The killer bee misses you. You block the killer bee's attack.
There is a stone staircase leading up here.
You barely miss the killer bee. The killer bee closely misses you.
The killer bee stings you. You block the killer bee's attack. x2
You miss the killer bee. The killer bee stings you.
The killer bee completely misses you. You block the killer bee's attack.
The killer bee stings you.
The killer bee stings you but does no damage.
You block the killer bee's attack.
You slash the killer bee! You burn the killer bee.
The killer bee is severely wounded.
You block the killer bee's attack. x3; The killer bee misses you.
You slash the killer bee! You burn the killer bee.
You kill the killer bee!
The killer bee stings you but does no damage.
You block the killer bee's attack. The killer bee misses you.
Your Armour skill increases to level 10!
You slash the killer bee! You burn the killer bee.
You kill the killer bee!
You see here a killer bee corpse.
You see here a +0 robe.
k - 19 poisoned darts (gained 1)
You reach down and open the door.
Found a ring mail.
There is an open door here.
Found a potion of ambrosia.
You reach down and open the door.
o - 4 potions of ambrosia (gained 1)
You reach down and open the door.
There is an open door here.
You reach down and open the door.
Found a glaive and 24 gold pieces.
There is an open door here.
You now have 1198 gold pieces (gained 24).
Are you sure you want to abandon this character and quit the game? (Confirm with "yes".)

######## .......#
.......# .......#
####+######## .......#
#...........#
.......####...).@.....#
.......#..'...........#
.......'.##...........#
.......####...........#
.......# #########+###
######## .# .#########
.........#


There were no monsters in sight!

Vanquished Creatures
  Pikel (D:4)
  Maggie (D:8)
  A yaktaur (D:8)
  An efreet (D:9)
  A hornet (D:8)
  2 wraiths (Ossuary)
  4 wyverns
  A yak (D:8)
  3 steam dragons
  Menkaure (D:5)
  2 water moccasins
  An acid dragon (D:8)
  2 sky beasts (D:8)
  2 ogres
  A centaur (D:8)
  4 bullfrogs
  4 scorpions
  13 wights
  15 killer bees
  4 howler monkeys
  2 jellies
  2 gnoll boudas
  4 hounds (D:5)
  7 orc priests
  7 orc wizards
  A sleepcap (D:4)
  4 iguanas
  10 gnolls
  7 adders
  3 shadow imps
  A white imp (D:5)
  5 ufetubi
  2 dart slugs
  27 orcs
  4 endoplasms
  4 giant cockroaches
  10 goblins
  7 hobgoblins
  4 jackals
  5 quokkas
  5 ball pythons
  10 bats
  5 frilled lizards
  2 hobgoblin skeletons (Ossuary)
  4 hobgoblin zombies (Ossuary)
  9 kobolds
  2 orc skeletons (Ossuary)
  5 rats
222 creatures vanquished.

Vanquished Creatures (collateral kills)
  An ugly thing (D:8)
1 creature vanquished.

Grand Total: 223 creatures vanquished

Notes
Turn   | Place    | Note
-------+----------+-------------------------------------------
     0 | D:1      | Chiseanne the Demonspawn Wanderer began the quest for the
                  | Orb.
     0 | D:1      | Chiseanne set off with the following items: a +2 falchion,
                  | a +0 sling, a +0 helmet, a potion of heal wounds, a +0
                  | robe.
     0 | D:1      | Reached XP level 1. HP: 13/13 MP: 2/2
   125 | D:1      | Reached skill level 1 in Fighting
   142 | D:1      | Reached skill level 1 in Dodging
   142 | D:1      | Gained mutation: You are partially covered in yellow
                  | scales. (AC +2) [demonic ancestry]
   142 | D:1      | Reached XP level 2. HP: 16/21 MP: 3/3
   588 | D:1      | Reached XP level 3. HP: 26/26 MP: 4/4
  1580 | D:3      | Found a large runed translucent door.
  1580 | D:3      | Found a large runed translucent door.
  1584 | D:3      | Noticed HagarQim's ghost (amateur OpVM)
  1637 | D:3      | Reached skill level 1 in Armour
  1757 | D:3      | Found a sacrificial altar of Ru.
  1790 | D:3      | Reached skill level 1 in Shields
  1790 | D:3      | Gained mutation: You regenerate magic rapidly. [demonic
                  | ancestry]
  1790 | D:3      | Reached XP level 4. HP: 33/33 MP: 5/5
  2105 | D:3      | Identified 2 scrolls of acquirement
  2105 | D:3      | Acquired 764 gold pieces
  2115 | D:3      | Acquired the scarf "Vomi" {repulsion, Fly rPois Int+5}
  2195 | D:4      | Gained mutation: Your demonic aura sometimes causes spilled
                  | blood to erupt in flames. [demonic ancestry]
  2195 | D:4      | Reached XP level 5. HP: 32/39 MP: 6/6
  2201 | D:4      | Noticed an ogre
  2256 | D:4      | Killed an ogre
  2257 | D:4      | Reached skill level 2 in Armour
  2378 | D:4      | Found a bloodstained altar of Trog.
  2380 | D:4      | Found a snail-covered altar of Cheibriados.
  2380 | D:4      | Found a hazy altar of Hepliaklqana.
  2380 | D:4      | Noticed a lemure
  2380 | D:4      | Noticed a lemure
  2380 | D:4      | Noticed a lemure
  2380 | D:4      | Noticed Pikel
  2381 | D:4      | Noticed a lemure
  2382 | D:4      | Found a broken altar of Ashenzari.
  2382 | D:4      | Found a blossoming altar of Fedhas.
  2418 | D:4      | Killed Pikel
  2419 | D:4      | Reached skill level 3 in Armour
  2419 | D:4      | Reached XP level 6. HP: 17/48 MP: 7/7
  2419 | D:4      | Gained mutation: Your demonic aura often causes spilled
                  | blood to erupt in flames. [demonic ancestry]
  2419 | D:4      | Reached XP level 7. HP: 19/54 MP: 8/8
  2571 | D:4      | Found an iron altar of Okawaru.
  3066 | D:5      | Entered Level 5 of the Dungeon
  3338 | D:5      | Reached XP level 8. HP: 61/61 MP: 9/9
  3430 | D:5      | Noticed Menkaure
  3438 | D:5      | Killed Menkaure
  3439 | D:5      | Reached skill level 4 in Armour
  3707 | D:5      | Found a staircase to the Ecumenical Temple.
  3722 | Temple   | Entered the Ecumenical Temple
  3845 | D:5      | Reached skill level 5 in Fighting
  4228 | D:6      | Found a sparkling altar of Nemelex Xobeh.
  4374 | D:6      | Found Finipsec's Distillery.
  4601 | D:6      | Reached skill level 5 in Dodging
  4626 | D:6      | Found Coyno's Antique Weapon Shop.
  4651 | D:6      | Found a shadowy altar of Dithmenos.
  4738 | D:6      | Found a hide-covered altar of Uskayaw.
  4758 | D:6      | Found Tirchos's Jewellery Shop.
  4759 | D:6      | Found Kounn's Assorted Antiques.
  4812 | D:6      | Reached skill level 5 in Armour
  4981 | D:6      | Found a shimmering blue altar of Sif Muna.
  5030 | D:7      | Gained mutation: You have a pair of small antennae on your
                  | head. [demonic ancestry]
  5030 | D:7      | Reached XP level 9. HP: 33/69 MP: 10/10
  5183 | D:7      | Reached skill level 5 in Shields
  6240 | D:8      | Reached skill level 6 in Armour
  6338 | D:8      | Noticed a green ugly thing
  6343 | D:8      | Noticed a yaktaur
  6354 | D:8      | Killed a green ugly thing
  6355 | D:8      | Gained mutation: When hurt, damage is shared between your
                  | health and your magic reserves. [demonic ancestry]
  6355 | D:8      | Reached XP level 10. HP: 79/79 MP: 11/11
  6447 | D:8      | Identified the +3 rapier "Hell-Harrower" {elec, *Corrode
                  | rPois rC- Dex+7}
  6502 | D:8      | Found a stormy altar of Qazlal.
  6520 | D:8      | Noticed Maggie
  6526 | D:8      | Killed Maggie
  6691 | D:8      | Found a sand-covered staircase.
  6696 | Ossuary  | Entered an ossuary
  7167 | D:8      | Identified the +7 great sword "Docrup" {flame, SInv}
  7194 | D:8      | Reached skill level 7 in Armour
  7566 | D:9      | Reached skill level 8 in Armour
  7707 | D:9      | Found a runed translucent door.
  7708 | D:9      | Noticed Plommelars's ghost (novice HOFi)
  7714 | D:9      | Reached skill level 9 in Armour
  7766 | D:10     | Entered Level 10 of the Dungeon
  7829 | D:10     | Reached skill level 10 in Armour
  7872 | D:10     | Quit the game

Illustrated notes

Levels and vault maps discovered:
D:1:      evilmike_arrival_crescent, layout_loops_cross, grunt_decor_fettered,
          minivault_14, minmay_tiny_reverse_x
D:2:      layout_loops_ring
D:3:      layout_basic, nicolae_ru_great_annihilating_truth,
          ebering_ghost_disaster_area, minmay_misc_feat_encased,
          chequers_decorated_corner
D:4:      layout_loops_ring, grunt_temple_overflow_open, uniq_pikel
D:5:      layout_loops_corners, minmay_temple_entry_offerings, nrook_uturn,
          uniq_menkaure
D:6:      layout_rooms, nicolae_overflow_crystal_walls,
          mainiacjoe_overflow_brackets, mainiacjoe_overflow_swirl, serial_shops,
          nicolae_shop_overgrown_old_shop, nicolae_shop_back_alley_shop,
          nicolae_shop_waterfront, shop
D:7:      layout_cave_pools
D:8:      nzn_winding_woodlands_cross [nzn_winding_woodlands_5x15_sawtooth,
          nzn_winding_woodlands_5x15_pool, nzn_winding_woodlands_5x15_default,
          nzn_winding_woodlands_5x15_eye,
          nzn_winding_woodlands_15x15_boxy_spiral], layout_basic,
          nicolae_qazlal_style_of_elements, nicolae_ossuary_entry_plus,
          uniq_maggie
D:9:      layout_stronghold, vehumet_statue,
          nicolae_gozag_cash_rules_everything_around_me,
          hellmonk_ghost_happy_afterlife, nicolae_diode_stairs
D:10:     layout_roguey, erik_lair_dragon, minmay_orc_entry_temple_small
Temple:   nicolae_temple_little_seven

Skill      XL: |  1  2  3  4  5  6  7  8  9 10 |
---------------+-------------------------------+-----
Fighting       | 1 2 4 5 7 8 |  8.0
Dodging        | 1 2 3 4 5 6 7 |  7.2
Armour         | 1 3 5 6 10 | 10.1
Shields        | 1 3 4 6 7 |  7.0
Long Blades    | |  1.7
Ranged Weapons | |  1.7
Stealth        | |  4.5
Spellcasting   | |  1.0

Action                     |  1- 3 |  4- 6 |  7- 9 | 10-12 || total
---------------------------+-------+-------+-------+-------++-------
  Melee: Falchion          |   145 |    78 |   298 |   177 ||   698
         Long sword        |       |       |       |     6 ||     6
  Throw: Stone             |     1 |       |       |       ||     1
         Dart              |       |       |    10 |     9 ||    19
  Evoke: Wand              |       |     4 |       |     3 ||     7
    Use: Scroll            |     9 |     3 |    11 |     6 ||    29
         Potion            |       |     4 |       |     1 ||     5
   Stab: Sleeping          |    15 |       |     3 |     2 ||    20
 Armour: Robe              |    10 |       |       |       ||    10
         Leather armour    |    51 |     8 |       |       ||    59
         Ring mail         |       |     4 |    79 |       ||    83
         Scale mail        |       |       |    10 |    46 ||    56
  Dodge: Dodged            |    76 |    32 |   168 |   130 ||   406
         Repelled          |       |       |     1 |       ||     1
  Block: Other             |    12 |       |       |       ||    12
         Buckler           |    64 |    34 |   193 |   127 ||   418
         Reflection        |     2 |       |     1 |       ||     3
